 Dungeon Crawl Stone Soup version 0.28.0-53-g5a82cb258f (webtiles) character file.

Game seed: 18325651747363404927

994 GigaChad the Slasher (level 7, -3/61 HPs)
             Began as a Minotaur Gladiator on Aug 20, 2022.
             Slain by a yak (7 damage)
             ... on level 4 of the Dungeon.
             The game lasted 00:12:48 (2897 turns).

GigaChad the Slasher (Minotaur Gladiator)           Turns: 2897, Time: 00:12:48

Health: -3/61      AC:  5    Str: 20    XL:     7   Next: 99%
Magic:  0/6        EV: 12    Int:  5    God:
Gold:   122        SH:  0    Dex: 12    Spells: 6/6 levels left

rFire   . . .      SeeInvis .   o - +4 quarterstaff (chaos)
rCold   . . .      Faith    .   (shield currently unavailable)
rNeg    . . .      Spirit   +   n - +0 ring mail
rPois   .          Reflect  .   c - +0 hat
rElec   .          Harm     .   (no cloak)
rCorr   .          Rampage  .   (no gloves)
Will    .....                   (no boots)
Stlth   +.........              g - amulet of guardian spirit
HPRegen 0.20/turn               p - ring of wizardry
MPRegen 0.10/turn               (no ring)

@: no status effects
A: horns 2, retaliatory headbutt
a: no special abilities


You were on level 4 of the Dungeon.
You visited 1 branch of the dungeon, and saw 4 of its levels.

You collected 122 gold pieces.

Inventory:

Hand Weapons
 a - a +0 long sword
 l - the +6 rapier of Luxury {spect, rC+ rCorr Str+4}
   (You found it on level 2 of the Dungeon)

   When its wielder attacks, the weapon's spirit leaps out and strikes again.
   The spirit shares a part of any damage it takes with its wielder.
   Str:       It affects your strength (+4).
   rC:        It protects you from cold.
   rCorr:     It protects you from acid and corrosion.
 o - a +4 quarterstaff of chaos (weapon)
Missiles
 d - 3 throwing nets (quivered)
Armour
 b - a +0 leather armour
 c - a +0 hat (worn)
 n - a +0 ring mail (worn)
Magical Staves
 m - a staff of fire
Jewellery
 g - an amulet of guardian spirit (around neck)
 p - a ring of wizardry (left hand)
Scrolls
 e - 2 scrolls of immolation
 f - a scroll of enchant weapon {unknown}
 h - a scroll of fog
 i - a scroll of amnesia
 k - a scroll of vulnerability
 q - a scroll of teleportation {unknown}
Potions
 j - a potion of lignification {unknown}


   Skills:
 + Level 5.1 Fighting
 + Level 2.2(4.1) Short Blades
 + Level 5.8(6.1) Long Blades
 + Level 5.5 Staves
 + Level 2.1 Throwing
 + Level 4.0 Armour
 + Level 4.9 Dodging
 + Level 0.6 Stealth


You had 6 spell levels left.
You didn't know any spells.
Your spell library contained the following spells:

 Spells                   Type           Power      Damage    Failure   Level
 Conjure Flame            Conj/Fire      0%         6-21      67%         3
 Ignite Poison            Fire/Tmut/Pois 0%         N/A       67%         3
 Sticky Flame             Conj/Fire      0%         2d3       96%         4


Dungeon Overview and Level Annotations

Branches:
Dungeon (4/15)
 Temple: D:4-7

Altars:
Gozag
Nemelex Xobeh
Ru


Innate Abilities, Weirdness & Mutations

You have a pair of horns on your head.
You reflexively headbutt those who attack you in melee.


Message History

You kill the yak!
Your Staves skill increases to level 3!
You hit the yak.
The yak suddenly seems more agile.
The yak is severely wounded.
The yak gores you!
You sock the yak! You freeze the yak.
You kill the yak!
Your Staves skill increases to level 4!
You hit the yak.
The yak is lightly wounded.
The yak gores you.
You hit the yak. You drain the yak.
The yak is lightly wounded.
You sock the yak! You freeze the yak. You headbutt the yak!
The yak is heavily wounded.
You hit the yak.
The yak is poisoned.
The yak is severely wounded.
The yak gores you.
You sock the yak! You burn the yak.
You kill the yak!
Your Fighting skill increases to level 5!
Your Staves skill increases to level 5!
Your Armour skill increases to level 4!
You sock the yak!
The yak is moderately wounded.
The yak gores you!
You barely miss the yak.
The yak is moderately wounded.
The yak barely misses you.
You sock the yak!
You feel better.
Your headbutt misses the yak.
The yak is heavily wounded.
The yak gores you!
* * * LOW HITPOINT WARNING * * *
You hit the yak but do no damage. Your headbutt misses the yak.
The yak is heavily wounded.
The yak gores you!
* * * LOW HITPOINT WARNING * * *
You hit the yak.
You feel better.
You headbutt the yak!
The yak is severely wounded.
The yak gores you!
You die...

#....#
###.....#
+....#
#####.#
#....# #.#
###### #.#
#.# #..# #.#
.... #.#
..... #.#
..... #@#
...... #Y#
......####Y#
........##.#
....>...'..#
........####
.....Y..#
.....Y..#
........#


You could see 2 yaks.

Vanquished Creatures
  4 yaks (D:4)
  A bullfrog (D:3)
  A scorpion (D:3)
  3 jellies
  Crazy Yiuf (D:2)
  Jessica (D:2)
  Robin (D:2)
  7 adders
  A worm (D:2)
  An orc (D:3)
  7 endoplasms
  2 giant cockroaches
  15 goblins
  12 hobgoblins
  6 jackals
  2 quokkas
  6 ball pythons
  6 bats
  2 frilled lizards
  8 kobolds
  2 rats
89 creatures vanquished.

Vanquished Creatures (others)
  3 fungi (D:2)
3 creatures vanquished.

Grand Total: 92 creatures vanquished

Notes
Turn   | Place    | Note
-------+----------+-------------------------------------------
     0 | D:1      | GigaChad the Minotaur Gladiator began the quest for the
                  | Orb.
     0 | D:1      | Reached XP level 1. HP: 18/18 MP: 0/0
   103 | D:1      | Reached XP level 2. HP: 18/25 MP: 1/1
  1039 | D:2      | Reached XP level 3. HP: 30/30 MP: 2/2
  1060 | D:2      | Noticed Jessica
  1077 | D:2      | Reached skill level 1 in Armour
  1078 | D:2      | Killed Jessica
  1079 | D:2      | Reached XP level 4. HP: 31/37 MP: 3/3
  1333 | D:2      | Found an opulent altar of Gozag.
  1419 | D:2      | Reached XP level 5. HP: 18/45 MP: 4/4
  1512 | D:2      | Identified the +6 rapier of Luxury {spect, rC+ rCorr Str+4}
  1927 | D:2      | Noticed Robin
  1941 | D:2      | Killed Robin
  1975 | D:2      | Found a runed translucent door.
  1976 | D:2      | Noticed Crazy Yiuf
  1981 | D:2      | Killed Crazy Yiuf
  1982 | D:2      | Reached skill level 5 in Long Blades
  2081 | D:3      | Reached skill level 1 in Short Blades
  2081 | D:3      | Reached XP level 6. HP: 51/51 MP: 5/5
  2126 | D:3      | Found a sacrificial altar of Ru.
  2413 | D:3      | Reached skill level 1 in Staves
  2539 | D:3      | Found an opulent altar of Gozag.
  2539 | D:3      | Found a sparkling altar of Nemelex Xobeh.
  2845 | D:4      | Noticed a yak
  2862 | D:4      | Killed a yak
  2863 | D:4      | Reached XP level 7. HP: 59/59 MP: 6/6
  2866 | D:4      | Noticed a yak
  2866 | D:4      | Noticed a yak
  2866 | D:4      | Noticed a yak
  2866 | D:4      | Noticed a yak
  2868 | D:4      | Noticed a yak
  2885 | D:4      | Killed a yak
  2887 | D:4      | Killed a yak
  2892 | D:4      | Killed a yak
  2893 | D:4      | Reached skill level 5 in Fighting
  2893 | D:4      | Reached skill level 5 in Staves
  2896 | D:4      | HP: 2/61 [yak (9)]
  2897 | D:4      | Slain by a yak

Illustrated notes

Levels and vault maps discovered:
D:1:      lightli_arrival_noodles, layout_basic
D:2:      layout_basic, basic_altar, st_stairs_2, minivault_19, uniq_jessica,
          uniq_crazy_yiuf_cottage, uniq_robin
D:3:      layout_loops_ring, grunt_temple_overflow_opulence, led_sif_pool,
          overflow_temple_1_default
D:4:      layout_basic

Skill      XL: |  1  2  3  4  5  6  7 |
---------------+----------------------+-----
Dodging        | 4 |  4.9
Armour         | 2 3 4 |  4.0
Long Blades    | 4 5 |  5.8
Fighting       | 3 4 5 |  5.1
Short Blades   | 1 2 |  2.2
Staves         | 2 5 |  5.5
Throwing       | |  2.1
Stealth        | |  0.6

Action                   |  1- 3 |  4- 6 |  7- 9 || total
-------------------------+-------+-------+-------++-------
Melee: Long sword        |    58 |    39 |       ||    97
       Headbutt          |     6 |    15 |     3 ||    24
       Rapier            |       |    23 |       ||    23
       Quarterstaff      |       |    42 |    20 ||    62
  Use: Scroll            |       |     4 |       ||     4
 Stab: Sleeping          |     1 |       |       ||     1
Armor: Leather armour    |    21 |    11 |       ||    32
       Ring mail         |       |    21 |     1 ||    22
Dodge: Dodged            |    53 |    88 |     5 ||   146
